 Dungeon Crawl Stone Soup version 0.31.0-12-g77e489cdc1 (webtiles) character file.

Game seed: 2216452385272298087

163 Killerpretzel the Changeling (level 5, 0/52 HPs)
             Began as an Octopode Shapeshifter on Feb 11, 2024.
             Was an Initiate of Vehumet.
             Slain by a scorpion (5 damage)
             ... on level 4 of the Dungeon.
             The game lasted 00:04:47 (2669 turns).

Killerpretzel the Changeling (OpSh)                 Turns: 2669, Time: 00:04:48

Health: 0/52       AC: 26    Str: 13    XL:     5   Next: 44%
Magic:  5/5        EV:  2    Int: 12    God:    Vehumet [......]
Gold:   154        SH:  0    Dex: 14    Spells: 0/4 levels left

rFire   + .          .
                       - Unarmed
rCold   . . .        (no shield)
rNeg    . . .        (helmet currently unavailable)
rPois   +            (no amulet)
rElec   .            f - ring of protection from fire
rCorr   .            d - +4 ring of protection
SInv    .            (no ring)
Will    .....        (no ring)
Stlth   +            (no ring)
HPRegen 0.28/turn    (no ring)
MPRegen 0.09/turn    (no ring)
                     (no ring)

%: no passive effects
@: tree-form
A: stationary, stasis, torment immunity, boosted hp, almost no armour,
(amphibious), 8 rings, (camouflage 1), (gelatinous body 1), (nimble swimmer 1),
(tentacles)
a: Renounce Religion


You were on level 4 of the Dungeon.
You worshipped Vehumet.
Vehumet was noncommittal.
You were a tree.
You visited 2 branches of the dungeon, and saw 5 of its levels.

You collected 154 gold pieces.

Inventory:

Jewellery
 d - a +4 ring of protection (right branch)
 f - a ring of protection from fire (left branch)
Talismans
 b - a beast talisman
 c - a flux talisman
 g - a maw talisman
Scrolls
 h - a scroll of identify
 k - a scroll of enchant weapon {unknown}
Potions
 e - 6 potions of curing
 i - a potion of invisibility {unknown}
 j - a potion of might {unknown}


   Skills:
 + Level 2.3 Fighting
 + Level 3.0 Dodging
 + Level 3.7 Unarmed Combat
 + Level 0.2 Translocations
 * Level 4.1 Shapeshifting


You couldn't memorise any spells.
You knew the following spells:

 Your Spells              Type           Power      Damage    Failure   Level
a - Manifold Assault      Tloc           0%         N/A       97%         4

Your spell library contained the following spells:

 Spells                   Type           Power      Damage    Failure   Level
 Apportation              Tloc           0%         N/A       30%         1
 Freeze                   Ice            0%         1d3       32%         1
 Necrotise                Necr           0%         1d4       32%         1
 Slow                     Hex            0%         N/A       32%         1
 Sting                    Conj/Alch      0%         1d3       32%         1
 Summon Small Mammal      Summ           0%         N/A       32%         1
 Blink                    Tloc           0%         N/A       43%         2
 Lesser Beckoning         Tloc           0%         N/A       43%         2
 Momentum Strike          Conj/Tloc      0%         3d8       43%         2
 Confusing Touch          Hex            0%         N/A       69%         3
 Frozen Ramparts          Ice            0%         1d1       69%         3
 Fugue of the Fallen      Necr           0%         N/A       69%         3
 Hailstorm                Conj/Ice       0%         3d5       69%         3
 Ozocubu's Armour         Ice            0%         N/A       69%         3
 Sigil of Binding         Hex            0%         N/A       69%         3
 Vampiric Draining        Necr           0%         2d6       69%         3
 Ignite Poison            Fire/Alch      0%         N/A       97%         4
 Martyr's Knell           Necr/Summ      0%         N/A       97%         4
 Sticky Flame             Fire/Alch      0%         2d4       97%         4
 Curse of Agony           Necr           0%         N/A       100%        5
 Ignition                 Fire           0%         3d3       100%        8


Dungeon Overview and Level Annotations

Branches:
Dungeon (4/15)             Temple (1/1) D:4

Altars:
Dithmenos
Elyvilon
Fedhas
Gozag
Kikubaaqudgha
Okawaru
Qazlal
Ru
Uskayaw
Vehumet
Wu Jian
Xom
Yredelemnul
The Shining One

Shops:
D:1 :   D:3 *


Innate Abilities, Weirdness & Mutations

You are a tree.
Your roots penetrate the ground, keeping you stationary.
You cannot be teleported.
You are immune to unholy pain and torment.
Your maximum health is greatly increased.
You cannot wear most types of armour.
((You are amphibious.))
You can wear up to eight rings at the same time.
((Your skin changes colour to match your surroundings (Stealth+).))
((Your rubbery body absorbs attacks. (AC +1, EV +1)))
((You are camouflaged when in or above water. (Stealth+)))
((You have tentacles for arms and can constrict up to eight enemies at once.))


Message History

You tentacle-slap the gnoll. You grab the gnoll.
You squeeze the gnoll, but do no damage.
The gnoll is lightly wounded.
You constrict the gnoll.
A gnoll comes into view. It is wielding a +0 spear.
The gnoll barely misses you. The gnoll hits you with a +0 flail.
You tentacle-slap the gnoll. You squeeze the gnoll.
The gnoll is almost dead.
You constrict the gnoll, but do no damage.
A scorpion comes into view.
The gnoll hits you from afar with a +0 spear.
The gnoll barely misses you. x2
You tentacle-slap the gnoll.
You kill the gnoll!
Vehumet accepts your kill. The gnoll hits you with a +0 flail!
The gnoll misses you.
Your Dodging skill increases to level 3!
You are too injured to fight recklessly!
There are monsters nearby!
You tentacle-slap the gnoll but do no damage.
Your grab misses the gnoll. The gnoll misses you.
The gnoll hits you from afar with a +0 spear.
You tentacle-slap the gnoll. You grab the gnoll.
The gnoll is moderately wounded.
You constrict the gnoll.
You tentacle-slap the gnoll but do no damage.
The gnoll is heavily wounded.
You constrict the gnoll. The gnoll hits you with a +0 flail.
* * * LOW HITPOINT WARNING * * *
The gnoll closely misses you.
Your transformation has ended.
You turn into a tree.
Your roots penetrate the ground.
You lose your grip on the gnoll.
The gnoll hits you but does no damage. The gnoll hits you with a +0 flail.
* * * LOW HITPOINT WARNING * * *
You hit the scorpion but do no damage.
The gnoll hits you from afar with a +0 spear.
* * * LOW HITPOINT WARNING * * *
The gnoll hits you but does no damage. The scorpion stings you.
You die...

#.......#####....#
..........##....#
.#.....#.....####
#....###....######
##### ###...#.#..## .
##...##......# ...
###....#......##
.....#)#.......)...##
#...s♣.##...>.....#
#....g#####....#...#
###..g #...###..#
...#. #.### ####
#....#. #..# #.## ..
#.## . ## #.......#
....s.#.# ...#...#


You could see a scorpion and 2 gnolls.

Vanquished Creatures
  A sleepcap (D:2)
  An iguana (D:4)
  5 gnolls
  An adder (D:3)
  3 dart slugs
  5 endoplasms
  3 giant cockroaches
  4 goblins
  4 hobgoblins (D:1)
  5 kobolds
  3 quokkas
  7 ball pythons
  2 bats
  3 frilled lizards
  2 rats
49 creatures vanquished.

Notes
Turn   | Place    | Note
-------+----------+-------------------------------------------
     0 | D:1      | Killerpretzel the Octopode Shapeshifter began the quest for
                  | the Orb.
     0 | D:1      | Reached XP level 1. HP: 13/13 MP: 1/1
   247 | D:1      | Reached XP level 2. HP: 18/18 MP: 2/2
   612 | D:1      | Found Lastriner's Book Shoppe.
   714 | D:1      | Reached XP level 3. HP: 23/23 MP: 3/3
   941 | D:2      | Found a faded altar of an unknown god.
   949 | D:2      | Got Plato's Almanac of the Deep Freeze
  1394 | D:2      | Reached XP level 4. HP: 5/29 MP: 4/4
  1992 | D:3      | Found Fuokehos's Assorted Antiques.
  2173 | D:3      | Reached skill level 4 in Shapeshifting
  2173 | D:3      | Reached XP level 5. HP: 13/34 MP: 5/5
  2541 | D:4      | Found a staircase to the Ecumenical Temple.
  2567 | Temple   | Entered the Ecumenical Temple
  2573 | Temple   | Learned a level 4 spell: Manifold Assault
  2608 | Temple   | Became a worshipper of Vehumet
  2669 | D:4      | Slain by a scorpion

Illustrated notes

Levels and vault maps discovered:
D:1:      minmay_arrival_four_circles, layout_loops_corners, serial_shops, shop
D:2:      layout_basic, shapermc_ecumenical_altar_rom_forum
D:3:      layout_loops_ring, serial_shops, shop
D:4:      layout_cave_pools, minmay_temple_entry_offerings, serial_shops,
          nicolae_lakefront_shop
Temple:   compressed_dpeg_circular_temple

Skill      XL: |  1  2  3  4  5 |
---------------+----------------+-----
Fighting       | 2 |  2.3
Shapeshifting  | 4 |  4.1
Dodging        | 3 |  3.0
Unarmed Combat | |  3.7
Translocations | |  0.2

Action                     |  1- 3 |  4- 6 || total
---------------------------+-------+-------++-------
  Melee: Unarmed           |    62 |    33 ||    95
         Constrict         |    19 |    11 ||    30
         Tentacles         |    10 |     7 ||    17
         Punch             |     2 |     3 ||     5
    Use: Scroll            |     1 |     3 ||     4
         Potion            |       |     1 ||     1
   Stab: Sleeping          |     5 |     5 ||    10
 Armour: Skin              |    24 |    20 ||    44
  Dodge: Dodged            |    33 |    20 ||    53
